 Dungeon Crawl Stone Soup version 0.22-b1-59-g0aedee7 (webtiles) character file.

862 Lilu the Conjurer (level 7, -2/39 HPs)
             Began as a Deep Elf Wizard on Aug 9, 2018.
             Shot with an arrow by a centaur (16 damage)
             ... on level 5 of the Dungeon.
             The game lasted 00:22:02 (5467 turns).

Lilu the Conjurer (Deep Elf Wizard)                 Turns: 5467, Time: 00:22:03

Health: -2/39      AC:  5    Str:  6    XL:     7   Next: 72%
Magic:  10/24      EV: 14    Int: 23    God:
Gold:   218        SH:  0    Dex: 13    Spells: 5/14 levels left

rFire    . . .     SeeInvis .   f - +0 dagger
rCold    . . .     Gourm    .   (no shield)
rNeg     . . .     Faith    .   a - +0 robe
rPois    .         Spirit   .   r - +2 helmet
rElec    .         Reflect  .   (no cloak)
rCorr    .         Harm     .   (no gloves)
MR       .....                  (no boots)
Stlth    ++........             (no amulet)
HPRegen  0.13/turn              h - ring of magical power
MPRegen  0.19/turn              o - ring of wizardry

@: no status effects
A: no striking features
a: no special abilities


You were on level 5 of the Dungeon.
You were not hungry.

You visited 1 branch of the dungeon, and saw 5 of its levels.

You collected 218 gold pieces.

Inventory:

Hand Weapons
 f - a +0 dagger (weapon)
 m - a +0 hand crossbow
Missiles
 B - 7 arrows
Armour
 a - a +0 robe (worn)
 b - a +0 buckler
 r - a +2 helmet (worn)
 y - the +1 robe of Disguise {rC+ Regen+ Int-5}
   (You found it on level 4 of the Dungeon)

   It affects your intelligence (-5).
   It protects you from cold.
   It increases your rate of regeneration.
Jewellery
 h - a ring of magical power (left hand)
 o - a ring of wizardry (right hand)
 q - an uncursed ring of fire
 s - an uncursed ring of poison resistance
 w - an uncursed ring of positive energy
Wands
 v - a wand of acid (11)
Scrolls
 c - 4 scrolls of enchant weapon {unknown}
 e - a scroll of random uselessness {unknown}
 g - 6 scrolls of amnesia {unknown}
 j - a scroll of teleportation {unknown}
 k - 7 scrolls of remove curse {unknown}
 l - 7 scrolls of identify {unknown}
 n - a scroll of enchant armour {unknown}
 t - 4 scrolls of fog {unknown}
 z - a scroll of noise {unknown}
Potions
 i - a potion of brilliance {unknown}
 p - a potion of curing {unknown}
 u - a potion of degeneration {unknown}
 x - a potion of ambrosia {unknown}
Comestibles
 d - 8 rations
 A - 2 chunks of flesh


   Skills:
 + Level 1.9 Fighting
 * Level 5.1 Dodging
 - Level 2.4 Stealth
 - Level 4.4 Spellcasting
 - Level 7.4 Conjurations
 - Level 1.1 Summonings
   Level 1.1 Translocations
 - Level 2.0 Fire Magic
 - Level 2.1 Poison Magic


You had 5 spell levels left.
You knew the following spells:

 Your Spells              Type           Power        Failure   Level  Hunger
a - Magic Dart            Conj           ####         1%          1    None
b - Conjure Flame         Conj/Fire      ####....     1%          3    ##.....
c - Mephitic Cloud        Conj/Pois/Air  ###.....     3%          3    ##.....
d - Call Imp              Summ           ##......     4%          2    None

Your spell library contained the following spells:

 Spells                   Type           Power        Failure   Level  Hunger
 Slow                     Hex            #.......     6%          2    None
 Blink                    Tloc           N/A          4%          2    None


Dungeon Overview and Level Annotations

Branches:
Dungeon (5/15)
 Temple: D:4-7

Altars:
Qazlal


Message History

Casting: Call Imp (safe; 4% risk of failure)
Confirm with . or Enter, or press ? or * to list all spells.
You can't see any susceptible monsters within range! (Use Z to cast anyway.)
The centaur shoots an arrow.
The arrow barely misses you.
The centaur shoots an arrow.
The arrow hits you but does no damage.
You see here 2 arrows.
Casting: Call Imp (safe; 4% risk of failure)
Confirm with . or Enter, or press ? or * to list all spells.
You can't see any susceptible monsters within range! (Use Z to cast anyway.)
The centaur shoots an arrow.
The arrow hits you.
You see here a robe.
Casting: Call Imp (safe; 4% risk of failure)
Confirm with . or Enter, or press ? or * to list all spells.
Aiming: Mephitic Cloud (safe; 3% risk of failure)
Press: ? - help, Shift-Dir - straight line The ball explodes into a vile cloud!
The stinking cloud engulfs the centaur.
The centaur is heavily wounded.
The centaur is engulfed in noxious fumes.
The centaur shoots an arrow.
The arrow hits you!
You die...

...#... #### #..#.>
#.. #..#.# .
####.######..#.###.
#............[.....
#......####........
#......#..........#
#....§.#..........#
#(@..§§#####......#
#.(.5§.c..........#
#<############....#
### #....# ###....#
#....... #.......
#....... #.......


You could see a centaur and a friendly crimson imp.

Vanquished Creatures
  An ogre (D:5)
  A phantom (D:4)
  A big kobold (D:2)
  A water moccasin zombie (D:5)
  A quasit (D:5)
  A hound (D:5)
  A bullfrog skeleton (D:5)
  2 orc wizards (D:4)
  Ijyb (D:3)
  3 iguanas
  3 worker ants
  Robin (D:3)
  9 adders
  2 worms
  2 dart slugs (D:1)
  5 leopard geckos
  15 orcs
  4 ball pythons (D:2)
  6 giant cockroaches
  12 goblins
  13 hobgoblins
  9 jackals
  4 quokkas
  11 bats
  3 frilled lizards (D:1)
  6 kobolds
  2 rats
120 creatures vanquished.

Vanquished Creatures (collateral kills)
  A scorpion (D:5)
  A jackal (D:5)
2 creatures vanquished.

Grand Total: 122 creatures vanquished

Notes
Turn   | Place    | Note
-------+----------+-------------------------------------------
     0 | D:1      | Lilu the Deep Elf Wizard began the quest for the Orb.
     0 | D:1      | Reached XP level 1. HP: 10/10 MP: 7/7
   244 | D:1      | Reached skill level 2 in Conjurations
   388 | D:1      | Reached XP level 2. HP: 15/15 MP: 9/9
   792 | D:1      | Reached skill level 3 in Conjurations
   970 | D:1      | Reached XP level 3. HP: 19/19 MP: 10/10
  1294 | D:1      | Learned a level 3 spell: Conjure Flame
  1546 | D:2      | Reached skill level 4 in Conjurations
  1760 | D:2      | Noticed a big kobold
  1771 | D:2      | Killed a big kobold
  1771 | D:2      | Reached skill level 5 in Conjurations
  1771 | D:2      | Reached XP level 4. HP: 24/24 MP: 7/12
  2055 | D:2      | Learned a level 3 spell: Mephitic Cloud
  2086 | D:2      | Reached XP level 5. HP: 28/28 MP: 13/13
  2591 | D:3      | Reached skill level 1 in Poison Magic
  2664 | D:3      | Noticed Ijyb
  2859 | D:3      | Noticed Robin
  2871 | D:2      | Reached skill level 1 in Fire Magic
  2941 | D:3      | Killed Robin
  3374 | D:3      | Found a faded altar of an unknown god.
  3534 | D:3      | Killed Ijyb
  3718 | D:4      | Reached XP level 6. HP: 32/32 MP: 9/14
  3732 | D:4      | Reached skill level 6 in Conjurations
  3762 | D:4      | Got a crude robe
  3775 | D:4      | Identified the +1 robe of Disguise {rC+ Regen+ Int-5} (You found it on level 4 of the Dungeon)
  4273 | D:3      | Learned a level 2 spell: Call Imp
  4301 | D:4      | Reached skill level 7 in Conjurations
  4641 | D:5      | Entered Level 5 of the Dungeon
  4646 | D:5      | Reached XP level 7. HP: 35/36 MP: 15/15
  5000 | D:5      | Found a stormy altar of Qazlal.
  5134 | D:5      | Reached skill level 1 in Fighting
  5361 | D:5      | Reached skill level 5 in Dodging
  5467 | D:5      | Shot with an arrow by a centaur

Skill      XL: |  1  2  3  4  5  6  7 |
---------------+----------------------+-----
Conjurations   | 2 3 5 7 |  7.4
Poison Magic   | 2 |  2.1
Fire Magic     | 2 |  2.0
Dodging        | 5 |  5.1
Fighting       | 1 |  1.9
Stealth        | |  2.4
Spellcasting   | |  4.4
Summonings     | |  1.1
Translocations | |  1.1

Action                   |  1- 3 |  4- 6 |  7- 9 || total
-------------------------+-------+-------+-------++-------
Melee: Dagger            |     7 |    26 |       ||    33
 Cast: Magic Dart        |    97 |   195 |    56 ||   348
       Conjure Flame     |     4 |     5 |     9 ||    18
       Mephitic Cloud    |       |    15 |     3 ||    18
       Call Imp          |       |     3 |     8 ||    11
 Stab: Confused          |       |     2 |       ||     2
  Eat: Chunk             |     3 |     9 |     3 ||    15
Armor: Robe              |     7 |    23 |     8 ||    38
Dodge: Dodged            |    19 |    42 |    19 ||    80
